[Event "Late-Titled-Tuesday-Blitz-April-30-2024"]
[Site "Chess.com"]
[Date "2024.04.30"]
[Round "1"]
[White "Mihajlovskij"]
[Black "guillembaches"]
[Result "0-1"]
[WhiteElo "2218"]
[BlackElo "2586"]
[TimeControl "180+1"]
[EndTime "14:07:55 PDT"]
[Termination "guillembaches won by resignation"]

1. e4 c5 2. Nf3 d6 3. d4 cxd4 4.
Qxd4 Nf6 5. Bb5+ Nc6 6. Qd3 g6 7. c4 Bg7 8. Nc3 O-O 9. h3 Bd7 10. O-O a6 11. Bxc6 Bxc6 12. Nd4 Nd7 13. Be3 Nc5 14.
Qc2 Ne6 15. Nxe6 fxe6 16. Qb3 Qd7 17. a4 Rac8 18. f3 Kh8 19. Rfd1 Qe8 20. Qc2 b5 21. axb5 axb5 22. c5 b4 23. Ne2 Bb5 24. Rac1 Ba4 25. b3 Bb5 26. Qd2 d5 27. Bd4 e5 28. Bf2 d4 29.
Ng3 Qc6 30. Qxb4 Rb8 31. Qa3 Ra8 32. Qb2 Rfb8 33. Qc2 Ra6 34. Ra1 Rba8 35. Rxa6 Rxa6 36. Nf1 Bh6 37. Bg3 Qe6 38. Qb2 Bg7 39. Rc1 Rc6 40. Nd2 Qc8 41. b4 Qe6 42. Nb3 Ra6 43. Na5 h5 44. Bf2 Bh6 45. Rd1 Bf4 46. Qc2 g5 47.
Qb2 g4 48. hxg4 hxg4 49. fxg4 Qxg4 50. Qc2 Rg6 51. g3 Bxg3 52. Bxg3 Qxg3+ 0-1

[Event "Late-Titled-Tuesday-Blitz-April-30-2024"]
[Site "Chess.com"]
[Date "2024.04.30"]
[Round "1"]
[White "Cipy77"]
[Black "PawnEatingZombie"]
[Result "1-0"]
[WhiteElo "2578"]
[BlackElo "2201"]
[TimeControl "180+1"]
[EndTime "14:07:55 PDT"]
[Termination "Cipy77 won on time"]

1. e3 g6 2. Nf3 Bg7 3. c4 Nf6 4. Nc3 O-O 5. b3 d6 6. Bb2 c5 7. d3 Nc6 8. Be2 b6 9. O-O Bb7 10. Rc1 e6 11. Ba1 Qe7 12. Ne4 Rfd8 13. Nxf6+ Bxf6 14. Bxf6 Qxf6 15. Qc2 d5 16. cxd5 Rxd5 17. Rfd1 Rad8 18. a3 a5 19. Nd2 Ba6 20. Ne4 Qe7 21.
Qb2 e5 22. Qc2 f5 23. Nc3 R5d6 24. Na4 Na7 25. Nb2 Nc8 26. Nc4 Bxc4 27. Qxc4+ Qe6 28. Qc3 Kg7 29. b4 cxb4 30. axb4 Ne7 31. bxa5 bxa5 32. Qxa5 Kh6 33. h3 Nd5 34. Bf1 Nf6 35. Rc5 Rd5 36. Rxd5 Qxd5 37. Qc7 Qd6 38. Qc1 Nd5 39. e4+ Nf4 40. g3 fxe4 41. gxf4 exf4 42.
Qc4 e3 43. fxe3 fxe3 44. Qh4+ Kg7 45. Qg5 Re8 46. Be2 Qd4 47. Rf1 Re5 48. Qf6+ Kh6 49. Qf8+ Kg5 50. h4+ Kxh4 51. Qh6+ Rh5 52. Rf4+ 1-0

[Event "Late-Titled-Tuesday-Blitz-April-30-2024"]
[Site "Chess.com"]
[Date "2024.04.30"]
[Round "1"]
[White "Itay121"]
[Black "PNEPaul"]
[Result "1-0"]
[WhiteElo "2546"]
[BlackElo "1954"]
[TimeControl "180+1"]
[EndTime "14:07:57 PDT"]
[Termination "Itay121 won on time"]

1. e4 e5 2. Nc3 Nc6 3. Bc4 Be7 4. d3 Nf6 5. f4 Bc5 6. Nf3 d6 7. Na4 Bg4 8. Nxc5 dxc5 9. O-O O-O 10. h3 Bxf3 11.
Qxf3 exf4 12. Bxf4 Qd4+ 13. Kh1 Qxb2 14. Rab1 Qxc2 15.
Bg5 Ne5 16. Qg3 Ng6 17. Rxb7 Nxe4 18. Qe3 Nxg5 19. Qxg5 Qe2 20. Qf5 Ne5 21. Rxc7 Nxc4 22. dxc4 Qe6 23. Qxc5 Rac8 24. Qxa7 Rxc7 25. Qxc7 Qc8 26.
Rxf7 Qxc7 27. Rxc7 Rf2 28. Ra7 Rc2 29. Ra4 Kf7 30.
Kg1 Kf6 31. g3 Ke5 32. Kf1 Ke4 33. c5+ Kf3 34. Ra3+ Ke4 35. Ke1 Rxc5 36. Kd2 Rd5+ 37.
Kc2 Rc5+ 38. Rc3 Rd5 39. a4 Ra5 40. Kb3 Ra8 41. Rc4+ Kf5 42. Rb4 g5 43. Rb5+ Kf6 44. a5 h5 45. Kb4 g4 46. h4 Kg6 47. Rb6+ Kf5 48. Rh6 Ke4 49. Rf6 Rb8+ 50. Kc5 1-0

[Event "Late-Titled-Tuesday-Blitz-April-30-2024"]
[Site "Chess.com"]
[Date "2024.04.30"]
[Round "1"]
[White "2346PL"]
[Black "GMKrikor"]
[Result "0-1"]
[WhiteElo "2479"]
[BlackElo "2885"]
[TimeControl "180+1"]
[EndTime "14:07:58 PDT"]
[Termination "GMKrikor won by resignation"]

1. Nf3 d5 2. g3 Nc6 3. d4 Bf5 4. Bg2 Nb4 5. Na3 e6 6. O-O Be7 7. c3 Nc6 8. Nc2 Nf6 9. Bf4 O-O 10. Nh4 Be4 11. Nf3 a5 12. a4 h6 13. h4 Nh5 14.
Be3 f5 15. Qd2 Bd6 16. Bxh6 gxh6 17. Qxh6 Nf6 18. Ng5 Qe7 19. Qg6+ Kh8 20. Bxe4 fxe4 21. Ne3 Rae8 22. f4 Qg7 23. Qxg7+ Kxg7 24. Kg2 Nh7 25.
Nh3 Ne7 26. g4 c6 27. h5 Nf6 28. Kg3 Neg8 29. Kh4 Nh7 30. g5 Ne7 31. Rf2 Nf5+ 32. Nxf5+ Rxf5 33. e3 Ref8 34. Kg4 Be7 35. Raf1 b6 36. b3 Rc8 37. Rc2 Bd6 38. c4 Rf7 39. cxd5 exd5 40. Rfc1 Rfc7 41. Kh4 Ba3 42. Ra1 Be7 43.
Rac1 c5 44. Nf2 Bd6 45. Ng4 cxd4 46. Rxc7+ Rxc7 47. Rxc7+ Bxc7 48. exd4 Bxf4 49. h6+ Kg6 50. Ne5+ Bxe5 51. dxe5 Nxg5 52. Kg4 Ne6 53. Kg3 Kxh6 0-1

[Event "Late-Titled-Tuesday-Blitz-April-30-2024"]
[Site "Chess.com"]
[Date "2024.04.30"]
[Round "1"]
[White "zverr1"]
[Black "XDPS"]
[Result "0-1"]
[WhiteElo "2464"]
[BlackElo "2825"]
[TimeControl "180+1"]
[EndTime "14:07:58 PDT"]
[Termination "XDPS won by checkmate"]

1. d4 d5 2. c4 e6 3. Nf3 Nf6 4. g3 h6 5. Bg2 Bd6 6. O-O O-O 7. Nc3 Nc6 8. b3 Re8 9. Bb2 dxc4 10.
bxc4 e5 11. c5 exd4 12. Nxd4 Nxd4 13. Qxd4 Be5 14. Qxd8 Rxd8 15. Rfd1 Re8 16. Rd2 c6 17.
f4 Bc7 18. e4 Ba5 19. e5 Nd7 20. Rc2 Nxc5 21. Ba3 Ne6 22. Ne4 Nd4 23. Rc4 Nb5 24.
Bb2 Be6 25. Rc2 Red8 26. a4 Nd4 27. Bxd4 Rxd4 28. Nc5 Bb6 29. Kh1 Bf5 30. Rc3 Rad8 31. h3 Rd1+ 32. Rxd1 Rxd1+ 33. Kh2 Rd2 34. g4 Bxc5 35.
gxf5 Bb4 36. Rb3 a5 37. Kg3 Kf8 38. Be4 Ke7 39. Kf3 Ra2 40. Rd3 Rxa4 41. Kg4 Ra3 42. Rd4 Ra1 43. f6+ gxf6 44. Bf5 fxe5 45. fxe5 Rg1+ 46.
Kf3 Rg5 47. Rd7+ Ke8 48. Ke4 Rxf5 49. Rxb7 Rh5 50. Rb8+ Ke7 51. Rb7+ Kf8 52. Rb6 Rxh3 53. Rxc6 Kg7 54. Kf5 Rh5+ 55. Kg4 Rxe5 56. Ra6 Rg5+ 57.
Kf4 Rg6 58. Ra7 h5 59. Rd7 h4 60. Rd1 h3 61. Rh1 h2 62. Rxh2 Bd6+ 63. Kf5 Bxh2 64. Ke4 Rd6 65. Kf5 a4 66. Kg4 Rd5 67. Kh3 Rd4 68. Kg2 Rd3 69. Kh1 a3 70. Kg2 a2 71.
Kf2 Bf4 72. Ke2 Re3+ 73. Kf2 f5 74. Kg2 Kf6 75. Kh1 Re2 76. Kg1 Bg3 77. Kf1 Rd2 78. Kg1 Rf2 79. Kh1 f4 80. Kg1 f3 81. Kh1 Rf1# 0-1

[Event "Late-Titled-Tuesday-Blitz-April-30-2024"]
[Site "Chess.com"]
[Date "2024.04.30"]
[Round "1"]
[White "ViktoriyaTarasova"]
[Black "reevecanada"]
[Result "0-1"]
[WhiteElo "2324"]
[BlackElo "2632"]
[TimeControl "180+1"]
[EndTime "14:07:59 PDT"]
[Termination "reevecanada won on time"]

1. d4 Nf6 2. c4 d6 3. Nc3 Nbd7 4. e4 c5 5. d5 g6 6. Nf3 Bg7 7. Be2 O-O 8. O-O a6 9. a4 b6 10. Re1 Bb7 11. h3 Qc7 12. Bg5 h6 13. Be3 e5 14.
dxe6 fxe6 15. Qd2 g5 16. Rad1 Ne8 17. Nh2 Ne5 18. h4 gxh4 19. Bxh6 h3 20. Ng4 Qf7 21.
Bxg7 Qxg7 22. Qh6 h2+ 23. Kh1 Nxg4 24. Qxg7+ Kxg7 25. Bxg4 Rxf2 26. Bxe6 Rxb2 27. Kxh2 Nf6 28. Rxd6 Rh8+ 29. Bh3 Rc2 30. Nd5 Bc8 31. Nf4 Bxh3 32. Nxh3 Rxc4 33. e5 Ng4+ 34. Kg3 Re8 35. e6 Nf6 36.
Nf4 Rxa4 37. Rxb6 c4 38. Rb7+ Kh6 39. Rf7 Kg5 40. Nh3+ Kg6 41. Nf4+ Kf5 42. Rf1 Ra3+ 43. Kh2 Ke5 44. Ng6+ Kxe6 45. R7xf6+ Kd5 46. R1f5+ Kd4 47. Rf4+ Kc5 48. R6f5+ Kb4 49. Ne5 Rc8 50. Nf3 a5 51.
Rf7 Rd3 52. Rb7+ Ka3 53. Ne5 Rc3 54. Rf5 a4 55. Ra7 Rc1 56. Nf3 c3 57. Nd4 c2 0-1

[Event "Late-Titled-Tuesday-Blitz-April-30-2024"]
[Site "Chess.com"]
[Date "2024.04.30"]
[Round "1"]
[White "kylelancman"]
[Black "vugarrasulov"]
[Result "1/2-1/2"]
[WhiteElo "2513"]
[BlackElo "2967"]
[TimeControl "180+1"]
[EndTime "14:08:00 PDT"]
[Termination "Game drawn by repetition"]

1. e4 e5 2. Nf3 Nc6 3. Nc3 Nf6 4. a3 d6 5. d4 exd4 6. Nxd4 Be7 7. Bc4 O-O 8. O-O Re8 9. f3 Bf8 10. Be3 a6 11.
Qd2 Nxd4 12. Bxd4 Be6 13. Bxe6 Rxe6 14. Rad1 Nd7 15. Nd5 c6 16. Nf4 Rh6 17. Be3 Ne5 18. b3 Qh4 19. g3 Qd8 20. Nd3 Re6 21. Nxe5 Rxe5 22. Qd3 Re6 23. a4 b5 24. Ra1 Qc8 25.
Bd4 c5 26. Bb2 c4 27. bxc4 bxc4 28. Qd5 Rb8 29. Bc3 Qc7 30. Rfb1 Ree8 31. Kg2 h6 32.
h4 Be7 33. Ba5 Qa7 34. Qxc4 Rbc8 35. Qd3 Qc5 36. Bb4 Qxc2+ 37. Qxc2 Rxc2+ 38. Kh3 Rec8 39. e5 Bf8 40. Bxd6 Rf2 41. Bxf8 Kxf8 42. Kg4 h5+ 43.
Kxh5 Rxf3 44. Kg4 Re3 45. Re1 Rc4+ 46. Kh3 Rxe1 47. Rxe1 Rxa4 48. e6 f6 49. e7+ Ke8 50. Re6 a5 51. h5 Ra1 52. Kg4 Rb1 53. h6 Rb4+ 54. Kh3 gxh6 55. Rxf6 h5 56. Rf5 a4 57. Rxh5 Kxe7 58. Ra5 Kd6 59. g4 Kc6 60. g5 Kb6 61.
Ra8 Kb7 62. Ra5 Kb6 63. Ra8 Kb7 64. Ra5 Kb6 1/2-1/2

[Event "Late-Titled-Tuesday-Blitz-April-30-2024"]
[Site "Chess.com"]
[Date "2024.04.30"]
[Round "1"]
[White "Alex_Sahakyan2006"]
[Black "Hudijegszid"]
[Result "1-0"]
[WhiteElo "2823"]
[BlackElo "2460"]
[TimeControl "180+1"]
[EndTime "14:08:01 PDT"]
[Termination "Alex_Sahakyan2006 won on time"]

1. e4 c6 2. d4 d5 3. Nc3 dxe4 4. Nxe4 Nf6 5. Nxf6+ exf6 6. Bd3 Qxd4 7. Ne2 Qb6 8.
O-O Bc5 9. Nc3 O-O 10. Na4 Qa5 11. Bxh7+ Kxh7 12. Qh5+ Kg8 13. Nxc5 b6 14. b4 Qxb4 15. Nd3 Qg4 16. Qxg4 Bxg4 17. Re1 Nd7 18. Be3 Rfe8 19. a4 Bf5 20. Nb4 c5 21. Nd5 Rac8 22. Bf4 Ne5 23.
Rac1 Rcd8 24. Nc7 Re7 25. Nb5 a6 26. Nc3 Rd4 27. Be3 Rc4 28. Nd5 Rb7 29. Rb1 Bxc2 30. Rxb6 Rxb6 31. Nxb6 Rb4 32. Bxc5 Rb2 33. Bd4 Ra2 34.
Re2 Nc6 35. Bc3 Bb3 36. Rxa2 Bxa2 37. f4 Bb3 38. Kf2 Kf8 39. Nd7+ Ke7 40. Nc5 Bc2 41. a5 Nb8 42. Bb4 Kd8 43. Ke3 Kc7 44. Kd2 Bf5 45. h3 Kc6 46. g4 Bc8 47. Nb3 Kb5 48. Bf8 Nc6 49. Bxg7 Nxa5 50. Nd4+ Kc4 51. Bxf6 Nb3+ 52. Nxb3 Kxb3 53. f5 Bb7 54. Ke3 Kc4 55. h4 Bg2 56. h5 Bh3 57. Kf3 Bf1 58. h6 1-0

[Event "Late-Titled-Tuesday-Blitz-April-30-2024"]
[Site "Chess.com"]
[Date "2024.04.30"]
[Round "1"]
[White "mortngabriel"]
[Black "Polish_fighter3000"]
[Result "0-1"]
[WhiteElo "2521"]
[BlackElo "3073"]
[TimeControl "180+1"]
[EndTime "14:08:02 PDT"]
[Termination "Polish_fighter3000 won on time"]

1. Nf3 b5 2. d4 Bb7 3. e3 a6 4. a4 b4 5. Bd3 Nf6 6. O-O e6 7. Re1 d5 8. Nbd2 c5 9. b3 cxd4 10. exd4 Be7 11. Ne5 O-O 12. Bb2 a5 13. Qf3 Ba6 14.
Bxa6 Rxa6 15. Qd3 Rb6 16. c4 bxc3 17. Bxc3 Bb4 18. Rac1 Qd6 19. Bxb4 Qxb4 20. Rc3 Nfd7 21. Rec1 Nxe5 22. dxe5 Nd7 23. Nf3 Rb7 24. h3 g6 25. Qd2 Kg7 26. Qg5 h6 27. Qe3 Qe4 28. Qxe4 dxe4 29. Nd2 Rfb8 30. Nxe4 Rxb3 31. Rxb3 Rxb3 32.
Nc5 Nxc5 33. Rxc5 g5 34. Rxa5 Rb4 35. g3 h5 36. Kg2 g4 37. hxg4 hxg4 38. Ra7 Kg6 39. Kf1 Re4 40. Ra5 Kf5 41. Kg2 Re1 42. Kh2 Ra1 43. Kg2 Ra2 44. Ra7 Kg6 45. Ra5 Ra3 46. Kf1 Rc3 47. Ke2 Kf5 48. Ra7 Kg6 49. Ra5 Ra3 50. Kf1 Ra2 51. Kg2 Ra1 52. Ra6 Rc1 53. Ra5 Rc7 54. Ra6 Kf5 55. Ra5 Ke4 56.
Kf1 Kf3 57. Ke1 Rc1+ 58. Kd2 Rf1 0-1

[Event "Late-Titled-Tuesday-Blitz-April-30-2024"]
[Site "Chess.com"]
[Date "2024.04.30"]
[Round "1"]
[White "Firouzja2003"]
[Black "ArmanGhevondyanchess"]
[Result "1-0"]
[WhiteElo "3146"]
[BlackElo "2535"]
[TimeControl "180+1"]
[EndTime "14:08:03 PDT"]
[Termination "Firouzja2003 won by resignation"]

1. e4 c5 2. Nf3 Nc6 3. d4 cxd4 4. Nxd4 g6 5. c4 Bg7 6. Be3 Nf6 7. Nc3 O-O 8. f3 d6 9. Qd2 Nxd4 10. Bxd4 a5 11.
Be2 a4 12. O-O Bd7 13. Rfd1 Bc6 14. Rac1 Qa5 15. Be3 Rfc8 16. Bf1 Nd7 17. Rc2 Nc5 18. Qc1 b6 19. Nd5 Bxd5 20. cxd5 a3 21. b3 Bb2 22. Qd2 Qxd2 23. Rcxd2 Rc7 24. Bb5 Rac8 25. Bc6 e5 26.
Kf1 f6 27. Ke2 Kf7 28. Rc2 f5 29. Rc4 Rb8 30. Rb4 Bc3 31. Rc4 Bb2 32. g4 f4 33.
Bc1 Bxc1 34. Rdxc1 Na6 35. Ra4 Nc5 36. Rxa3 Kf6 37. b4 Nd7 38. Rac3 Nf8 39. h4 h6 40. a4 Ra7 41. Kd3 Ke7 42. Kc4 Kd8 43. Kb5 Nd7 44. Bxd7 Kxd7 45. Rc6 Rba8 46. Rxb6 Rxa4 47. Rcc6 Ra3 48. Rxd6+ Ke7 49. Re6+ Kf7 50. Rf6+ Ke7 51.
Rbe6+ Kd7 52. Rf7+ Kd8 53. Rf8+ Kd7 54. Rxa8 Rxa8 55.
Rxg6 Ra3 56. Rxh6 Rxf3 57. Rf6 Re3 58. Kc5 Rxe4 59. g5 f3 60. Rxf3 Rxh4 61. Rf7+ Ke8 62. Rf5 e4 63. Re5+ Kf7 64. b5 Kg6 65. b6 Rh1 66. Rxe4 Rc1+ 67. Rc4 Rb1 68. Rb4 Rc1+ 69. Kd6 Rc4 1-0

[Event "Late-Titled-Tuesday-Blitz-April-30-2024"]
[Site "Chess.com"]
[Date "2024.04.30"]
[Round "1"]
[White "BillCoe"]
[Black "patzer-reloaded"]
[Result "0-1"]
[WhiteElo "2154"]
[BlackElo "2562"]
[TimeControl "180+1"]
[EndTime "14:08:03 PDT"]
[Termination "patzer-reloaded won by resignation"]

1. e4 d6 2. d4 Nf6 3. Nc3 g6 4. h3 Bg7 5. Nf3 O-O 6. Be2 Nc6 7. O-O e5 8. Be3 exd4 9. Nxd4 Nxd4 10. Bxd4 Re8 11.
Bf3 Bd7 12. Re1 c5 13. Be3 Bc6 14. Bf4 Qb6 15. Bxd6 Qxb2 16. e5 Qxc3 17. exf6 Rxe1+ 18. Qxe1 Bxf6 19. Rd1 Qxe1+ 20. Rxe1 Bxf3 21. gxf3 b6 22. Kf1 Rd8 23. Bf4 Kg7 24. Re4 Rd4 25. Ke2 g5 26.
Bb8 a6 27. Bc7 b5 28. Bb6 Rxe4+ 29. fxe4 c4 30. Ke3 Kg6 31. f3 Kh5 32. Kf2 Be5 33. Bc5 Kg6 34. Bb6 f5 35. exf5+ Kxf5 36. Be3 Bf6 37. Bb6 Ke5 38. Be3 Kd5 39. Kg3 h5 40. f4 gxf4+ 41. Kxf4 b4 42. Kf5 Be7 43. Kg6 h4 44. Kh5 a5 45. Bb6 a4 46. Be3 Ke4 47.
Bd2 b3 48. cxb3 cxb3 49. axb3 axb3 50. Bc3 Kd3 51. Bb2 Bb4 52. Kxh4 Bc3 53. Ba3 Kc2 54.
Kg4 Kb1 55. h4 Ka2 56. Bc1 Bd2 57. Bxd2 b2 58. Bg5 b1=Q 59. Kh5 Qh7+ 60. Kg4 Kb3 61. h5 Kc4 62. Bf6 Kd5 63. Kg5 Ke6 64. h6 Qf5+ 65. Kh4 Kxf6 0-1

[Event "Late-Titled-Tuesday-Blitz-April-30-2024"]
[Site "Chess.com"]
[Date "2024.04.30"]
[Round "1"]
[White "Zhigalko_Sergei"]
[Black "Carlitus2004"]
[Result "1/2-1/2"]
[WhiteElo "2867"]
[BlackElo "2484"]
[TimeControl "180+1"]
[EndTime "14:08:04 PDT"]
[Termination "Game drawn by repetition"]

1. e4 e6 2. d4 a6 3. Nf3 d5 4.
e5 Bd7 5. c3 c5 6. Bd3 Bb5 7.
Bxb5+ axb5 8. dxc5 Bxc5 9. b4 Bb6 10. Na3 Qd7 11. Qd3 Ne7 12. Nxb5 O-O 13. O-O Ng6 14. a4 Nc6 15. Re1 Qe7 16. Qe2 Na7 17. Bg5 Qd7 18.
Nxa7 Rxa7 19. a5 Bd8 20. Be3 Ra8 21. g3 Be7 22. h4 Rfc8 23. Bd4 Bf8 24. h5 Ne7 25. g4 h6 26. Rad1 Qa4 27. Kg2 Nc6 28. Bb6 Ne7 29. Rd3 Qb5 30. Bd4 Rc7 31. Re3 Qa4 32. Bb6 Rcc8 33. Nd4 Rc4 34. f4 Rac8 35. Qf3 Nc6 36. Ne2 Ne7 37. Rf1 Qd7 38.
Nd4 Nc6 39. f5 Nxd4 40. Bxd4 Bxb4 41. f6 Bc5 42. Qf4 Bxd4 43. cxd4 Rc2+ 44. Kg3 R8c3 45. fxg7 Rxe3+ 46. Qxe3 Qc7 47. Rf3 Kxg7 48. g5 Rc1 49.
g6 Qc2 50. Rxf7+ Kg8 51. Rf8+ Kg7 52. Rf7+ Kg8 53. Rf8+ Kg7 54. Rf7+ 1/2-1/2

[Event "Late-Titled-Tuesday-Blitz-April-30-2024"]
[Site "Chess.com"]
[Date "2024.04.30"]
[Round "1"]
[White "Harsha_Bharathakoti"]
[Black "wild3000"]
[Result "0-1"]
[WhiteElo "2902"]
[BlackElo "2512"]
[TimeControl "180+1"]
[EndTime "14:08:05 PDT"]
[Termination "wild3000 won by resignation"]

1. Nf3 d5 2. g3 Nf6 3. Bg2 g6 4. b3 Bg7 5. Bb2 O-O 6. c4 c6 7. O-O Nbd7 8. d4 Ne4 9. Nc3 Nxc3 10. Bxc3 Nf6 11. Ne5 Be6 12. Rc1 Ne4 13. Bb2 a5 14. Nd3 Nd6 15. Nf4 a4 16. cxd5 cxd5 17. Nxe6 fxe6 18.
Qd3 axb3 19. axb3 Qb6 20. Bh3 Nf5 21. e3 h5 22. Rc2 Rfc8 23. Rxc8+ Rxc8 24. Ra1 Qc6 25.
Rc1 Qd7 26. Rxc8+ Qxc8 27. Ba3 Kf7 28. Bf1 Qc6 29. Bb4 Nd6 30. Kg2 e5 31. dxe5 Bxe5 32.
Be2 Ne4 33. Bf3 Nf6 34. Qd1 Bd6 35. Bd2 e5 36. Kg1 e4 37. Be2 Be5 38. Qb1 d4 39.
exd4 Bxd4 40. Qd1 Qc5 41. Bc4+ Kg7 42. Qe2 Ng4 43. Be1 b5 44. Be6 e3 45. f3 Ne5 46. f4 Ng4 47. Bd7 Qd5 48. Bxb5 Qxb3 49. Bd7 Qd5 50. Bxg4 hxg4 51. Bb4 Qf3 52. Qxf3 gxf3 53.
Be1 e2+ 54. Bf2 Bc3 0-1

[Event "Late-Titled-Tuesday-Blitz-April-30-2024"]
[Site "Chess.com"]
[Date "2024.04.30"]
[Round "1"]
[White "wannabe2700"]
[Black "HipsterChess22"]
[Result "1-0"]
[WhiteElo "2576"]
[BlackElo "2182"]
[TimeControl "180+1"]
[EndTime "14:08:05 PDT"]
[Termination "wannabe2700 won on time"]

1. b3 d5 2. Bb2 e6 3. e3 c6 4. f4 f5 5. Qh5+ Kd7 6. Nf3 Kc7 7. Ne5 Nh6 8. d3 Bd7 9. Nd2 Be8 10. Qf3 Nd7 11. Be2 Rc8 12. O-O Kb8 13. a4 Nf7 14. Nxd7+ Qxd7 15. a5 Rg8 16. a6 b6 17. h4 g6 18.
Rad1 h6 19. e4 Bg7 20. Bxg7 Rxg7 21. c4 dxc4 22. Nxc4 Qd4+ 23. Kh1 g5 24. fxg5 hxg5 25. exf5 Rh7 26. h5 Ne5 27. Qg3 Bxh5 28. Qxe5+ Qxe5 29. Nxe5 Bxe2+ 30. Kg1 exf5 31. d4 f4 32. Kf2 Bxf1 33.
Rxf1 Kc7 34. Rc1 Rh6 35. Kf3 Rd8 36. Ke4 Rhd6 37. Rd1 Re8 38. Kf5 c5 39. d5 Rf8+ 40. Kxg5 Rfd8 41. Kxf4 Rxd5 42. Rh1 Rd4+ 43. Kf5 Rf8+ 44.
Ke6 Re8+ 45. Kf6 Rf8+ 46. Ke7 Rg8 47. Rh7 Kc8 48. Kf6 Rd6+ 49. Ke7 Rd5 50. Ke6 Rd2 51. Nc6 Rg6+ 52. Kf5 Rxc6 53. Rxa7 b5 54. g4 1-0

[Event "Late-Titled-Tuesday-Blitz-April-30-2024"]
[Site "Chess.com"]
[Date "2024.04.30"]
[Round "1"]
[White "maksimys18"]
[Black "frederiksvane"]
[Result "0-1"]
[WhiteElo "2512"]
[BlackElo "3014"]
[TimeControl "180+1"]
[EndTime "14:08:07 PDT"]
[Termination "frederiksvane won by checkmate"]

1. d4 Nf6 2. Nf3 e6 3. c4 b6 4.
Nc3 Bb7 5. Bg5 Bb4 6. e3 h6 7. Bh4 O-O 8. Bd3 d6 9. O-O Bxc3 10. bxc3 Nbd7 11. Nd2 e5 12. Be4 Bxe4 13. Nxe4 g5 14. Nxf6+ Qxf6 15. Bg3 Rfe8 16. Qd3 Qg6 17. Qxg6+ fxg6 18. Rab1 Kf7 19. Rb2 Ke6 20. Rfb1 Rec8 21. Kf1 c5 22. d5+ Ke7 23. Ke2 Rf8 24. f3 Kd8 25. a4 Kc7 26. a5 Rfb8 27. a6 Rf8 28. Kd3 Rf7 29. h4 gxh4 30. Bxh4 g5 31. Bg3 h5 32. Bh2 Raf8 33. Rf1 Nb8 34. Ra2 Re8 35. Ke2 Rg8 36.
Kd3 Nd7 37. Raf2 Rgf8 38. Ke2 Nf6 39. Bg3 Rb8 40. Rb1 Rg8 41. Bh2 Rgf8 42. Bg3 h4 43.
Bh2 Ng4 44. Bg1 Nxf2 45. Bxf2 e4 46. f4 gxf4 47. Bxh4 Rg8 48. Kf2 fxe3+ 49. Kxe3 Rxg2 50. Rh1 Rg4 51. Be1 b5 52. cxb5 Kb6 53. c4 Rf3+ 54.
Ke2 Rg2+ 55. Kd1 Ra3 56. Bd2 Ra1+ 57. Bc1 e3 58. Re1 Rd2# 0-1

[Event "Late-Titled-Tuesday-Blitz-April-30-2024"]
[Site "Chess.com"]
[Date "2024.04.30"]
[Round "1"]
[White "Bilan_Danila"]
[Black "canary2016"]
[Result "1-0"]
[WhiteElo "2569"]
[BlackElo "2166"]
[TimeControl "180+1"]
[EndTime "14:08:07 PDT"]
[Termination "Bilan_Danila won by checkmate"]

1. d4 Nf6 2. Nf3 e6 3. g3 d5 4. Bg2 c5 5. c4 Nc6 6. cxd5 exd5 7. O-O Be7 8. Nc3 O-O 9. dxc5 Bxc5 10. Bg5 d4 11. Ne4 Be7 12. Bxf6 Bxf6 13. Rc1 Bf5 14. Nc5 Qe7 15. Qa4 Rac8 16. Rfe1 Rfd8 17. Nd2 Bg5 18. Ncb3 Nb4 19. Rxc8 Rxc8 20. Qxa7 Nc2 21. Rf1 Qxe2 22. Nf3 Bd3 23. Nxg5 Qe7 24. Qxb7 Qxb7 25. Bxb7 Rb8 26. Be4 Bxf1 27. Kxf1 Nb4 28. Nxd4 Nxa2 29. b3 Nc1 30. Bc2 h6 31. Ngf3 Kf8 32. Ke1 Na2 33. Kd2 Nb4 34. Kc3 Nxc2 35. Kxc2 Ke8 36. Kc3 Rc8+ 37.
Kd3 Rb8 38. Nd2 Kd7 39. Nc4 Re8 40. Ne3 Ra8 41. b4 Ra3+ 42. Kc4 Ra2 43. Ndc2 Rb2 44. Kc3 Rb1 45. Nc4 Kc8 46. f4 Rh1 47. h4 Rh3 48. b5 Rxg3+ 49. Kb4 Rg4 50. Kc5 Rxf4 51. Nb4 Rxh4 52. b6 Rh5+ 53. Kc6 Rh4 54. b7+ Kb8 55.
Na6+ Ka7 56. b8=Q+ Kxa6 57. Qb6# 1-0

[Event "Late-Titled-Tuesday-Blitz-April-30-2024"]
[Site "Chess.com"]
[Date "2024.04.30"]
[Round "1"]
[White "NCchamp"]
[Black "lupta_robin"]
[Result "0-1"]
[WhiteElo "2228"]
[BlackElo "2589"]
[TimeControl "180+1"]
[EndTime "14:08:09 PDT"]
[Termination "lupta_robin won by resignation"]

1. d4 Nf6 2. Bg5 d5 3. e3 c5 4. c3 Nc6 5. Nd2 e5 6. dxe5 Nxe5 7.
Ngf3 Nc6 8. Qc2 Be6 9. e4 Be7 10.
exd5 Nxd5 11. Bxe7 Qxe7 12. O-O-O O-O 13. Bc4 Rfd8 14. Rhe1 Qf6 15. Ne4 Qf4+ 16. Qd2 b6 17.
Qxf4 Nxf4 18. Bxe6 Nxe6 19. g3 Kf8 20. Kc2 h6 21. Nd6 g6 22. Nc4 Ke7 23. Nfe5 Nxe5 24. Nxe5 Kf6 25. f4 Rac8 26. Nd7+ Ke7 27. Ne5 Kf6 28.
Nd7+ Kg7 29. Ne5 h5 30. a4 Kf6 31. Nc4 Ng7 32. Nd6 Rb8 33. Ne4+ Kf5 34. Ng5 f6 35. Rxd8 Rxd8 36. Re3 fxg5 37. Re5+ Kf6 38. Rxg5 Nf5 39. h3 a6 40. Kb3 b5 41. g4 hxg4 42. hxg4 Ne3 43. axb5 axb5 44. Rxc5 Nxg4 45. Rxb5 Ne3 46. Rb6+ Kf5 47. Rc6 Nd5 48. Ka3 Nxf4 49. Rc5+ Kf6 50. b4 g5 51. Rc7 g4 52. Rh7 g3 53. Rh1 g2 54. Rg1 Rg8 55. b5 Ne2 56. Rxg2 Rxg2 57. Kb4 Ke6 58. c4 Kd7 59. c5 Nd4 60. Ka5 Nxb5 61.
Kxb5 Kc7 62. Kc4 Rg5 63. Kd4 Kc6 64. Kc4 Rxc5+ 0-1

[Event "Late-Titled-Tuesday-Blitz-April-30-2024"]
[Site "Chess.com"]
[Date "2024.04.30"]
[Round "1"]
[White "carokannlover213"]
[Black "el_sporco"]
[Result "1-0"]
[WhiteElo "2779"]
[BlackElo "2433"]
[TimeControl "180+1"]
[EndTime "14:08:11 PDT"]
[Termination "carokannlover213 won by resignation"]

1. e4 e5 2. Nf3 Nc6 3. Bc4 Nf6 4. d3 Bc5 5. c3 O-O 6. O-O d5 7.
exd5 Nxd5 8. Re1 Nb6 9. Bb5 Bg4 10. h3 Bh5 11. Bxc6 bxc6 12. Rxe5 Bxf3 13. Qxf3 Bd6 14. Re2 Nd5 15. Nd2 Nf4 16. Re1 Nxd3 17. Rd1 Nxc1 18. Raxc1 Rb8 19. Nc4 Qh4 20. Rd4 Qh6 21. Rcd1 c5 22.
Rd5 Rfd8 23. b3 Qe6 24. R5d3 Rd7 25. Re3 Qg6 26. Ne5 Bxe5 27. Rxd7 Bd6 28. Qe4 Kf8 29. Qxg6 hxg6 30. g3 Re8 31. Rd3 Re1+ 32. Kg2 Ke8 33. R3xd6 cxd6 34. Rxd6 c4 35. Ra6 Rc1 36.
Rxa7 cxb3 37. axb3 Rxc3 38. b4 Rb3 39. Rb7 Kf8 40. b5 g5 41. b6 g6 42. Rb8+ Kg7 43. Kf1 f5 44. Ke1 f4 45. Kd2 g4 46. hxg4 fxg3 47.
fxg3 Rxg3 48. Rc8 Rb3 49. Rc6 Kh6 50. Kc2 Rb5 51. Kc3 Kg5 52. Kc4 Rb1 53. Rc5+ Kxg4 54.
Rb5 Rd1 55. b7 Rd8 56. b8=Q Rxb8 57. Rxb8 g5 58. Kd3 Kf3 59. Rf8+ Kg2 60. Ke2 g4 61. Rf4 g3 62. Rh4 Kg1 63. Kf3 g2 64. Rg4 Kh1 65.
Rh4+ Kg1 66. Kg3 Kf1 67. Rf4+ 1-0

[Event "Late-Titled-Tuesday-Blitz-April-30-2024"]
[Site "Chess.com"]
[Date "2024.04.30"]
[Round "1"]
[White "Naoki"]
[Black "teresin05"]
[Result "1-0"]
[WhiteElo "2608"]
[BlackElo "2268"]
[TimeControl "180+1"]
[EndTime "14:08:11 PDT"]
[Termination "Naoki won on time"]

1. e4 c5 2. Nf3 Nc6 3. d4 cxd4 4. Nxd4 Nf6 5. Nc3 d6 6. f3 e6 7. Be3 Be7 8. Qd2 O-O 9. O-O-O a6 10. g4 Nxd4 11.
Bxd4 Nd7 12. Kb1 b5 13. h4 b4 14. Na4 Qa5 15. b3 Nc5 16. Nb2 Qc7 17. Qxb4 a5 18.
Qc3 e5 19. Be3 Be6 20. Bc4 Bxc4 21. Qxc4 Ne6 22. Qxc7 Nxc7 23. Nc4 Nb5 24. Rd3 a4 25. Nb6 Ra6 26. Nxa4 Rb8 27. Kc1 Rc6 28. Kd2 Rbc8 29.
c4 Nc7 30. Nc3 Na6 31. Nd5 Bd8 32. a3 Kf8 33. Ke2 Rb8 34. Rc1 Nc5 35. Bxc5 Rxc5 36. b4 Rc6 37. Rdc3 Ra6 38. g5 Ke8 39. Kd3 Kd7 40. Kc2 Rba8 41. Kb2 Bb6 42. c5 dxc5 43. bxc5 Ba5 44. c6+ Kd6 45. Rc4 Rb8+ 46.
Ka2 Rc8 47. Ne3 g6 48. Rd1+ Ke6 49. Rd5 Bb6 50. Ng4 Bd4 51. f4 Rcxc6 52. Rxc6+ Rxc6 53. fxe5 Rc4 54. Kb3 1-0